 Dungeon Crawl Stone Soup version 0.30-a0-737-gf23d94013f (webtiles) character file.

Game seed: 4443071665614909866

48 mopl the Sneak (level 3, -3/18 HPs)
             Began as a Vine Stalker Brigand on Feb 2, 2023.
             Slain by an orc
             ... wielding a +0 falchion
              (7 damage)
             ... on level 2 of the Dungeon.
             The game lasted 00:01:28 (789 turns).

mopl the Sneak (Vine Stalker Brigand)                Turns: 789, Time: 00:01:29

Health: -3/18      AC:  3    Str: 13    XL:     3   Next: 72%
Magic:  0/4        EV: 11    Int: 11    God:
Gold:   81         SH:  0    Dex: 17    Spells: 2/2 levels left

rFire   . . .      SeeInvis +    a - +3 dagger
rCold   . . .      Faith    .    (no shield)
rNeg    . . .      Spirit   +    b - +0 robe
rPois   .          Reflect  .    (no helmet)
rElec   .          Harm     .    c - +0 cloak
rCorr   .          Rampage  .    (no gloves)
Will    .....                    (no boots)
Stlth   +++                      (no amulet)
HPRegen 0.23/turn                o - ring of see invisible
MPRegen 0.09/turn                (no ring)

@: lethally poisoned (-3 -> -6)
A: fangs 2, magic shield, antimagic bite, no potion heal 2
a: no special abilities


You were on level 2 of the Dungeon.
You visited 1 branch of the dungeon, and saw 3 of its levels.

You collected 81 gold pieces.

Inventory:

Hand Weapons
 a - a +3 dagger (weapon)
Missiles
 d - 9 poisoned darts (quivered)
 e - 3 curare-tipped darts
Armour
 b - a +0 robe (worn)
 c - a +0 cloak (worn)
 q - a +0 tower shield
Jewellery
 o - a ring of see invisible (left hand)
Scrolls
 f - 2 scrolls of enchant weapon {unknown}
 j - a scroll of noise {unknown}
 p - a scroll of silence {unknown}
Potions
 g - a potion of berserk rage {unknown}
 h - 2 potions of heal wounds {unknown}
 i - a potion of curing {unknown}
 k - a potion of might {unknown}
 l - a potion of magic {unknown}
 m - a potion of cancellation {unknown}
 n - a potion of resistance {unknown}


   Skills:
 - Level 1.7 Fighting
 + Level 2.5 Short Blades
 + Level 2.4 Throwing
 - Level 0.7 Dodging
 + Level 5.5 Stealth


You had 2 spell levels left.
You didn't know any spells.
Your spell library was empty.

Dungeon Overview and Level Annotations

Branches:
Dungeon (3/15)

Altars:


Innate Abilities, Weirdness & Mutations

You have extremely sharp teeth.
When hurt, damage is shared between your health and your magic reserves.
Your bite disrupts and absorbs the magic of your enemies.
Potions cannot restore your health.


Message History

You closely miss the adder.
The adder is heavily wounded.
You feel sick. The adder barely misses you.
You hit the adder. Your bite misses the adder.
The adder is heavily wounded.
You feel sick. The adder completely misses you.
You closely miss the adder.
The adder is heavily wounded.
You feel sick. The adder bites you but does no damage. The adder bites you.
You are more poisoned.
The adder poisons you!
You miss the adder.
The adder is heavily wounded.
You feel sick. The adder bites you.
You are too injured to fight recklessly!
You are too injured to fight recklessly!
You are too injured to fight recklessly!
You are too injured to fight recklessly!
You are too injured to fight recklessly!
You are too injured to fight recklessly!
You are too injured to fight recklessly!
You are too injured to fight recklessly!
You are too injured to fight recklessly!
You are too injured to fight recklessly!
You are too injured to fight recklessly!
You are too injured to fight recklessly!
You are too injured to fight recklessly!
You hit the adder.
The adder is almost dead.
You feel sick. The adder barely misses you.
You hit the adder but do no damage. You bite the adder, but do no damage.
The adder is almost dead.
You feel sick. The adder bites you.
You hit the adder.
You kill the adder!
* * * LOW HITPOINT WARNING * * *
You feel sick.
* * * LOW HITPOINT WARNING * * *
You feel sick. The orc hits you with a +0 falchion!
You die...

###+### #.....# ##########
#.....# #........# #.....#
###........#########.....#
.....[..........@oo'.....#
###........#####.###....$#
#........# #.# #.....###
#........#
###+###o........
#........#
#.....o.########
#........# #......o#
#........# #.........#
########## #.........#
#.........#


You could see 2 orcs.

Vanquished Creatures
  An adder (D:2)
  3 dart slugs (D:1)
  2 orcs
  A ball python (D:2)
  3 bats (D:1)
  6 endoplasms
  2 giant cockroaches
  2 goblins (D:1)
  A hobgoblin (D:1)
  4 kobolds
  A frilled lizard (D:1)
  2 rats
28 creatures vanquished.

Notes
Turn   | Place    | Note
-------+----------+-------------------------------------------
     0 | D:1      | mopl the Vine Stalker Brigand began the quest for the Orb.
     0 | D:1      | Reached XP level 1. HP: 11/11 MP: 2/2
   102 | D:1      | Reached skill level 2 in Short Blades
   102 | D:1      | Reached skill level 2 in Throwing
   102 | D:1      | Reached skill level 5 in Stealth
   107 | D:1      | Reached XP level 2. HP: 15/15 MP: 3/3
   182 | D:1      | Found a faded altar of an unknown god.
   268 | D:1      | Reached XP level 3. HP: 18/18 MP: 4/4
   789 | D:2      | Slain by an orc

Illustrated notes

Levels and vault maps discovered:
D:1:      erik_arrival_triangle_large, layout_basic,
          shapermc_ecumenical_altar_starsandcircs
D:2:      layout_basic
D:3:      minmay_wonky_spiral, layout_basic, minmay_fountain_box, uniq_ijyb

Skill      XL: |  1 |
---------------+----+-----
Short Blades   | 2 |  2.5
Throwing       | 2 |  2.4
Stealth        | 5 |  5.5
Fighting       | |  1.7
Dodging        | |  0.7

Action                     || total
---------------------------++-------
  Melee: Dagger            ||    73
         Bite              ||    19
   Stab: Sleeping          ||     9
 Armour: Robe              ||    15
  Dodge: Dodged            ||    33

Table legend: (Time is in decaauts)
 A = Elapsed time spent in this place.
 B = Non-inter-level travel time spent in this place.
 C = Inter-level travel time spent in this place.
 D = Time resting spent in this place.
 E = Time spent auto-exploring this place.
 F = Levels seen in this place.
 G = Mean time per level.
                   A        B        C        D        E       F      G
               +--------+--------+--------+--------+--------+-----+--------+
         Total |    781 |    772 |      9 |     62 |    481 |   3 |  260.3 |
       Dungeon |    781 |    772 |      9 |     62 |    481 |   3 |  260.3 |
               +--------+--------+--------+--------+--------+-----+--------+

Top non-repeatable levels by time:
     D:1: 502 daAuts
     D:2: 207 daAuts
     D:3: 72 daAuts
